 Dungeon Crawl Stone Soup version 0.31-a0-37-g98a128e1d9 (webtiles) character file.

Game seed: 14487462754023020566

164 IndexError the Skirmisher (level 5, -6/43 HPs)
             Began as a Gnoll Hunter on May 15, 2023.
             Mangled by an iguana (11 damage)
             ... on level 4 of the Dungeon.
             The game lasted 00:04:44 (1822 turns).

IndexError the Skirmisher (Gnoll Hunter)            Turns: 1822, Time: 00:04:44

Health: -6/43      AC:  3    Str: 10    XL:     5   Next: 45%
Magic:  7/7        EV: 14    Int:  9    God:
Gold:   102        SH:  0    Dex: 17    Spells: 7/7 levels left

rFire   . . .        b - +2 dagger (venom)
rCold   . . .        (no shield)
rNeg    . . .        c - +0 leather armour
rPois   .            (no helmet)
rElec   .            (no cloak)
rCorr   .            (no gloves)
SInv    .            (no boots)
Will    .....        (no amulet)
Stlth   ++           j - ring of wizardry {Wiz+, !d}
HPRegen 0.27/turn    (no ring)
MPRegen 0.10/turn

%: wizardry (x1)
@: no status effects
A: fangs 1, strong nose, distributed training
a: no special abilities


You were on level 4 of the Dungeon.
You visited 1 branch of the dungeon, and saw 5 of its levels.

You collected 102 gold pieces.

Inventory:

Hand Weapons
 a - a +0 shortbow
 b - a +2 dagger of venom (weapon)
   (You took it off a kobold on level 1 of the Dungeon)
Missiles
 n - 2 throwing nets {=f, !d}
Armour
 c - a +0 leather armour (worn)
 q - a scarf of shadows
   (You found it on level 2 of the Dungeon)
Magical Staves
 t - a staff of cold {rC+}
   (You found it on level 4 of the Dungeon)
Jewellery
 j - a ring of wizardry (left hand) {Wiz+, !d}
   (You found it on level 1 of the Dungeon)
Scrolls
 d - 5 scrolls of identify {unknown}
 f - a scroll of immolation {!r}
 g - a scroll of teleportation {unknown}
 h - a scroll of fear {unknown}
 l - a scroll of vulnerability {unknown}
 m - a scroll of enchant armour {unknown}
 o - a scroll of torment {unknown}
 s - a scroll of summoning {unknown}
Potions
 e - a potion of lignification {unknown}
 i - a potion of curing {unknown}
 k - a potion of heal wounds {unknown}
 p - 3 potions of attraction {unknown}
 r - a potion of brilliance {unknown}


   Skills:
 + Level 4.8 Fighting
 + Level 1.6 Short Blades
 + Level 1.6 Long Blades
 + Level 1.6 Axes
 + Level 1.6 Maces & Flails
 + Level 1.6 Polearms
 + Level 1.6 Staves
 + Level 8.6 Ranged Weapons
 + Level 1.6 Throwing
 + Level 1.6 Armour
 + Level 4.8 Dodging
 + Level 2.8 Stealth
 + Level 1.6 Shields
 + Level 1.6 Unarmed Combat
 + Level 1.6 Spellcasting
 + Level 1.2 Conjurations
 + Level 1.2 Hexes
 + Level 1.2 Summonings
 + Level 1.2 Necromancy
 + Level 1.2 Translocations
 + Level 1.2 Transmutations
 + Level 1.2 Fire Magic
 + Level 1.2 Ice Magic
 + Level 1.2 Air Magic
 + Level 1.2 Earth Magic
 + Level 1.2 Poison Magic
 + Level 1.8 Invocations
 + Level 1.6 Evocations


You had 7 spell levels left.
You didn't know any spells.
Your spell library contained the following spells:

 Spells                   Type           Power      Damage    Failure   Level
 Freeze                   Ice            12%        1d3       11%         1
 Frozen Ramparts          Ice            6%         1d1       32%         3
 Hailstorm                Conj/Ice       3%         3d3       32%         3
 Inner Flame              Hex/Fire       3%         N/A       32%         3
 Yara's Violent Unravell  Hex/Tmut       1%         3d3       95%         5
 Enfeeble                 Hex            1%         N/A       100%        7


Dungeon Overview and Level Annotations

Branches:
Dungeon (5/15)
 Temple: D:4-7

Altars:
Qazlal
Zin

Shops:
D:2 !(


Innate Abilities, Weirdness & Mutations

You have very sharp teeth.
Your uncanny sense of smell can sniff out nearby items.
Your experience applies equally to all skills.


Message History

The worm completely misses you.
You hit the worm but do no damage. You bite the worm. You hit the worm.
The worm is poisoned.
No target in view!
Your +2 dagger of venom stops dripping with poison.
a - a +0 shortbow (weapon)
Done exploring.
Health restored: 43 Done exploring.
Done exploring.
You see here a +0 quarterstaff.
There is a stone staircase leading down here.
You climb downwards.
There is a stone staircase leading up here.
You shoot an arrow. The arrow hits the hobgoblin!
No target in view!
You climb upwards.
There is a stone staircase leading down here.
There is a stone staircase leading down here.
You climb downwards.
There is a stone staircase leading up here.
You climb upwards.
There is a stone staircase leading down here.
You see here a +0 dagger.
There is a stone staircase leading down here.
You climb downwards.
There is a stone staircase leading up here.
You shoot an arrow.
The arrow hits the kobold but does no damage.
The kobold shouts!
You shoot an arrow. The arrow closely misses the kobold.
You shoot an arrow. The arrow hits the kobold.
You shoot an arrow. The arrow hits the kobold.
You shoot an arrow. The arrow hits the kobold!
No target in view!
No target in view!
Things that are here:
a +0 whip; a kobold corpse
Found a stormy altar of Qazlal.
s - a scroll labelled NAORE KACSAFOZ A sourceless malevolence fills the Dungeon...
You fall into a shaft and drop 2 floors!
The shaft crumbles and collapses.
An orc comes into view. It is wielding a +0 club.
You shoot an arrow. The arrow hits the orc!
No target in view!
Found a stone staircase leading up.
There is a stone staircase leading up here.
You climb upwards.
There is a stone staircase leading down here.
You shoot an arrow. The arrow hits the quokka!
No target in view!
d - 5 scrolls labelled FIQUL VUTAECO (gained 1)
A kobold comes into view. It is wielding a +0 dagger.
You can't go up here!
You shoot an arrow. The arrow hits the kobold.
No target in view!
A ball python comes into view.
You shoot an arrow. The arrow hits the ball python.
No target in view!
t - a staff of cold {rC+} An iguana comes into view.
You can't go up here!
You shoot an arrow. The arrow completely misses the iguana.
The iguana hisses angrily.
You shoot an arrow. The arrow barely misses the iguana.
You shoot an arrow.
The arrow hits the iguana but does no damage.
Your +2 dagger of venom begins to drip with poison!
b - a +2 dagger of venom (weapon)
The iguana bites you!
You take 9 damage, and have 34/43 hp.
MASSIVE DAMAGE!!
You barely miss the iguana. The iguana bites you!
You take 11 damage, and have 23/43 hp.
MASSIVE DAMAGE!!
You are too injured to fight recklessly!
You are too injured to fight recklessly!
You closely miss the iguana. The iguana bites you!
You take 7 damage, and have 16/43 hp.
You closely miss the iguana. The iguana bites you.
* * * LOW HITPOINT WARNING * * *
You take 5 damage, and have 11/43 hp.
You hit the iguana but do no damage.
The iguana is poisoned.
The iguana barely misses you.
You barely miss the iguana. You punch the iguana. The iguana barely misses you.
You closely miss the iguana. You hit the iguana but do no damage.
The iguana looks as sick as possible!
The iguana misses you.
You hit the iguana but do no damage.
The iguana looks as sick as possible!
You bite the iguana, but do no damage. The iguana bites you.
* * * LOW HITPOINT WARNING * * *
You take 1 damage, and have 11/43 hp.
You closely miss the iguana. The iguana barely misses you.
You closely miss the iguana. You bite the iguana, but do no damage.
The iguana misses you.
You hit the iguana but do no damage.
The iguana looks as sick as possible!
The iguana bites you!
* * * LOW HITPOINT WARNING * * *
You take 7 damage, and have 5/43 hp.
You hit the iguana but do no damage. The iguana bites you!
You die...

∆ .. ...... .. .....
#.##.. .#### ....
#..#. ..... ...
##..#+# ....# ..
#...†.##.... ∆ #.
#.##..#...
#l##.##..#.#
#.@........#######.
#..................
#..####).......######
#.. #......#.######
## #......#>......
#......########
#......# #.......
#......##


You could see an iguana (extremely poisoned).

Vanquished Creatures
  Terence (D:2)
  3 gnolls (D:2)
  4 adders (D:2)
  2 worms (D:2)
  2 dart slugs
  An orc (D:5)
  4 bats
  7 endoplasms
  5 giant cockroaches
  3 goblins (D:2)
  4 hobgoblins
  6 jackals
  3 quokkas
  4 ball pythons
  A frilled lizard (D:2)
  8 kobolds
  2 rats
60 creatures vanquished.

Notes
Turn   | Place    | Note
-------+----------+-------------------------------------------
     0 | D:1      | IndexError the Gnoll Hunter began the quest for the Orb.
     0 | D:1      | Reached XP level 1. HP: 20/20 MP: 1/1
    96 | D:1      | Reached XP level 2. HP: 26/26 MP: 2/2
   337 | D:1      | Reached XP level 3. HP: 31/31 MP: 3/3
   676 | D:2      | Reached skill level 1 in Invocations
   776 | D:2      | Reached skill level 1 in Short Blades
   776 | D:2      | Reached skill level 1 in Long Blades
   776 | D:2      | Reached skill level 1 in Axes
   776 | D:2      | Reached skill level 1 in Maces & Flails
   776 | D:2      | Reached skill level 1 in Polearms
   776 | D:2      | Reached skill level 1 in Staves
   776 | D:2      | Reached skill level 1 in Throwing
   776 | D:2      | Reached skill level 1 in Armour
   776 | D:2      | Reached skill level 1 in Shields
   776 | D:2      | Reached skill level 1 in Unarmed Combat
   776 | D:2      | Reached skill level 1 in Spellcasting
   776 | D:2      | Reached skill level 1 in Evocations
   780 | D:2      | Reached XP level 4. HP: 38/38 MP: 5/5
   803 | D:2      | Found Ydweos's Distillery.
   844 | D:2      | Found a faded altar of an unknown god.
   848 | D:2      | Noticed Terence
   865 | D:2      | Killed Terence
   866 | D:2      | Reached skill level 1 in Conjurations
   866 | D:2      | Reached skill level 1 in Hexes
   866 | D:2      | Reached skill level 1 in Summonings
   866 | D:2      | Reached skill level 1 in Necromancy
   866 | D:2      | Reached skill level 1 in Translocations
   866 | D:2      | Reached skill level 1 in Transmutations
   866 | D:2      | Reached skill level 1 in Fire Magic
   866 | D:2      | Reached skill level 1 in Ice Magic
   866 | D:2      | Reached skill level 1 in Air Magic
   866 | D:2      | Reached skill level 1 in Earth Magic
   866 | D:2      | Reached skill level 1 in Poison Magic
  1079 | D:2      | Reached XP level 5. HP: 34/43 MP: 7/7
  1168 | D:2      | Found a glowing silver altar of Zin.
  1259 | D:2      | Found Bufezufi's Weapon Shoppe.
  1725 | D:3      | Found a stormy altar of Qazlal.
  1762 | D:3      | You fall into a shaft and drop 2 floors!
  1762 | D:5      | Entered Level 5 of the Dungeon
  1821 | D:4      | HP: 5/43 [iguana (7)]
  1822 | D:4      | Mangled by an iguana

Illustrated notes

Levels and vault maps discovered:
D:1:      lightli_arrival_maybe_door_vault, layout_basic, dk_noncrumbling_3
D:2:      layout_loops_ring, hellmonk_ecumenical_altar_slurped_away,
          basic_altar, serial_shops, nicolae_shop_bloodbath_and_beyond,
          nicolae_shop_industrial_runoff, uniq_terence
D:3:      layout_basic, grunt_qazlal_clouds, mainiacjoe_overflow_24_doors
D:4:      layout_basic, serial_shops, shop, eino_curves_04, minmay_rat_hole,
          uniq_robin, uniq_blork_the_orc
D:5:      minmay_polygon_palace, layout_cave_pods, uniq_sigmund

Skill      XL: |  1  2  3  4 |
---------------+-------------+-----
Invocations    | 1 |  1.8
Short Blades   | 1 |  1.6
Long Blades    | 1 |  1.6
Axes           | 1 |  1.6
Maces & Flails | 1 |  1.6
Polearms       | 1 |  1.6
Staves         | 1 |  1.6
Throwing       | 1 |  1.6
Armour         | 1 |  1.6
Shields        | 1 |  1.6
Unarmed Combat | 1 |  1.6
Spellcasting   | 1 |  1.6
Evocations     | 1 |  1.6
Conjurations   | 1 |  1.2
Hexes          | 1 |  1.2
Summonings     | 1 |  1.2
Necromancy     | 1 |  1.2
Translocations | 1 |  1.2
Transmutations | 1 |  1.2
Fire Magic     | 1 |  1.2
Ice Magic      | 1 |  1.2
Air Magic      | 1 |  1.2
Earth Magic    | 1 |  1.2
Poison Magic   | 1 |  1.2
Fighting       | |  4.8
Ranged Weapons | |  8.6
Dodging        | |  4.8
Stealth        | |  2.8

Action                     |  1- 3 |  4- 6 || total
---------------------------+-------+-------++-------
  Melee: Dagger            |     5 |    53 ||    58
         Bite              |       |     8 ||     8
         Punch             |       |     3 ||     3
   Fire: Shortbow          |    65 |    69 ||   134
   Stab: Sleeping          |     1 |       ||     1
 Armour: Leather armour    |     7 |    11 ||    18
  Dodge: Dodged            |    21 |    51 ||    72

Table legend: (Time is in decaauts)
 A = Elapsed time spent in this place.
 B = Non-inter-level travel time spent in this place.
 C = Inter-level travel time spent in this place.
 D = Time resting spent in this place.
 E = Time spent auto-exploring this place.
 F = Levels seen in this place.
 G = Mean time per level.
                   A        B        C        D        E       F      G
               +--------+--------+--------+--------+--------+-----+--------+
         Total |   1826 |   1669 |    157 |      0 |   1339 |   5 |  365.2 |
       Dungeon |   1826 |   1669 |    157 |      0 |   1339 |   5 |  365.2 |
               +--------+--------+--------+--------+--------+-----+--------+

Top non-repeatable levels by time:
     D:2: 1109 daAuts
     D:1: 604 daAuts
     D:3: 53 daAuts
     D:4: 36 daAuts
     D:5: 22 daAuts

Levels and vault maps discovered:
D:1:      lightli_arrival_maybe_door_vault, layout_basic, dk_noncrumbling_3
D:2:      layout_loops_ring, hellmonk_ecumenical_altar_slurped_away,
          basic_altar, serial_shops, nicolae_shop_bloodbath_and_beyond,
          nicolae_shop_industrial_runoff, uniq_terence
D:3:      layout_basic, grunt_qazlal_clouds, mainiacjoe_overflow_24_doors
D:4:      layout_basic, serial_shops, shop, eino_curves_04, minmay_rat_hole,
          uniq_robin, uniq_blork_the_orc
D:5:      minmay_polygon_palace, layout_cave_pods, uniq_sigmund

Table legend: (Time is in decaauts)
 A = Elapsed time spent in this place.
 B = Non-inter-level travel time spent in this place.
 C = Inter-level travel time spent in this place.
 D = Time resting spent in this place.
 E = Time spent auto-exploring this place.
 F = Levels seen in this place.
 G = Mean time per level.
                   A        B        C        D        E       F      G
               +--------+--------+--------+--------+--------+-----+--------+
         Total |   1826 |   1669 |    157 |      0 |   1339 |   5 |  365.2 |
       Dungeon |   1826 |   1669 |    157 |      0 |   1339 |   5 |  365.2 |
               +--------+--------+--------+--------+--------+-----+--------+

Top non-repeatable levels by time:
     D:2: 1109 daAuts
     D:1: 604 daAuts
     D:3: 53 daAuts
     D:4: 36 daAuts
     D:5: 22 daAuts

Table legend:
 A = Kills in this place as a percentage of kills in the entire game.
 B = Kills by you in this place as a percentage of kills by you in the entire game.
 C = Kills by friends in this place as a percentage of kills by friends in the entire game.
 D = Other kills in this place as a percentage of other kills in the entire game.
 E = Experience gained in this place as a percentage of experience gained in the entire game.
 F = Experience gained in this place divided by the number of levels of this place that you have seen.
                   A       B       C       D       E      F
               +-------+-------+-------+-------+-------+----------------------
         Total | 100.0 | 100.0 |   N/A |   N/A | 100.0 |  47.0
       Dungeon | 100.0 | 100.0 |   N/A |   N/A | 100.0 |  47.0
               +-------+-------+-------+-------+-------+----------------------
